 Dungeon Crawl Stone Soup version 0.29-a0-88-g03a7b78be7 (webtiles) character file.

Game seed: 1445315669634071948

6316 soggyman666 the Grappler (level 10, 0/93 HPs)
             Began as a Troll Monk on Feb 6, 2022.
             Was a Priest of Dithmenos.
             Slain by an orc warrior (14 damage)
             ... on level 10 of the Dungeon.
             The game lasted 00:19:21 (7502 turns).

soggyman666 the Grappler (Troll Monk)               Turns: 7502, Time: 00:19:22

Health: 0/93       AC: 11    Str: 25    XL:     10   Next: 64%
Magic:  11/11      EV: 12    Int:  6    God:    Dithmenos [***...]
Gold:   337        SH:  0    Dex: 12    Spells: 9/9 levels left

rFire   . . .      SeeInvis .     - Unarmed
rCold   . . .      Faith    .   (no shield)
rNeg    . . .      Spirit   .   a - +0 robe
rPois   .          Reflect  .   (helmet restricted)
rElec   .          Harm     .   f - +2 cloak
rCorr   +          Rampage  .   (gloves unavailable)
Will    .....                   (boots unavailable)
Stlth   +++.......              t - amulet of regeneration
HPRegen 1.85/turn               h - +4 ring of protection
MPRegen 0.12/turn               n - ring of resist corrosion

@: wreathed by umbra
A: large, unfitting armour, claws 3, regeneration 1, shaggy fur 1, tough skin 1
a: Renounce Religion, Shadow Step


You were on level 10 of the Dungeon.
You worshipped Dithmenos.
Dithmenos was most pleased with you.
You visited 1 branch of the dungeon, and saw 10 of its levels.

You collected 565 gold pieces.
You spent 228 gold pieces at shops.

Inventory:

Missiles
 k - 6 throwing nets (quivered)
Armour
 a - a +0 robe (worn)
 f - a +2 cloak (worn)
Jewellery
 h - a +4 ring of protection (left claw)
 n - a ring of resist corrosion (right claw)
 t - an amulet of regeneration (around neck)
Wands
 e - a wand of flame (32)
 g - a wand of charming (23)
 m - a wand of mindburst (14)
 q - a wand of iceblast (6)
 r - a wand of paralysis (6)
Scrolls
 c - a scroll of teleportation
 j - a scroll of magic mapping
 l - a scroll of silence
 o - a scroll of fog
Potions
 b - 2 potions of curing
 d - 2 potions of might
 i - a potion of berserk rage
 p - 3 potions of heal wounds {unknown}
 s - a potion of haste {unknown}


   Skills:
 + Level 4.2 Fighting
 + Level 6.2 Dodging
 * Level 4.3 Stealth
 + Level 11.5 Unarmed Combat
 + Level 3.4 Invocations
 * Level 2.5 Evocations


You had 9 spell levels left.
You didn't know any spells.
Your spell library contained the following spells:

 Spells                   Type           Power      Damage    Failure   Level
 Freeze                   Ice            0%         1d3       45%         1
 Magic Dart               Conj           0%         1d3       45%         1
 Searing Ray              Conj           0%         2d4       58%         2
 Frozen Ramparts          Ice            0%         1d2       83%         3
 Inner Flame              Hex/Fire       0%         N/A       83%         3
 Cause Fear               Hex            0%         N/A       99%         4
 Fulminant Prism          Conj/Hex       0%         3d6       99%         4
 Hailstorm                Conj/Ice       0%         3d3       99%         4
 Discord                  Hex            0%         N/A       100%        8


Dungeon Overview and Level Annotations

Branches:
Dungeon (10/15)            Temple (0/1) D:4
   Lair: D:8-11         Orc: D:9-12

Altars:
Cheibriados
Dithmenos
Gozag
Kikubaaqudgha
Makhleb
Nemelex Xobeh
Okawaru
Ru
Trog
Uskayaw
Vehumet
Wu Jian
Xom
Zin

Shops:
D:6 (   D:7 *


Innate Abilities, Weirdness & Mutations

You are too large for most types of armour.
You have claws for hands.
Your natural rate of healing is unusually fast.
You are covered in fur. (AC +1)
You have tough skin. (AC +1)


Message History

The orc barely misses you.
The orc shouts! x2
You barely miss the orc. The orc warrior misses you.
The orc hits you but does no damage.
You closely miss the orc. You claw the orc.
The orc is lightly wounded.
The orc warrior hits you from afar with a +0 glaive!
You barely miss the orc. You claw the orc, but do no damage.
The orc is lightly wounded.
The orc hits you from afar with a +1 vorpal trident.
The orc hits you but does no damage.
You mangle the orc!!
You kill the orc!
Dithmenos accepts your kill.
The orc warrior hits you from afar with a +0 glaive!
The orc hits you from afar with a +1 vorpal trident.
The orc warrior hits you with a +0 glaive!!
The orc hits you with a +1 vorpal trident.
You are too injured to fight recklessly!
You are too injured to fight recklessly!
You are too injured to fight recklessly!
You are too injured to fight recklessly!
You are too injured to fight recklessly!
You are too injured to fight recklessly!
The orc warrior hits you from afar with a +0 glaive!
The orc hits you from afar with a +1 vorpal trident.
* * * LOW HITPOINT WARNING * * *
The orc warrior hits you with a +0 glaive!
* * * LOW HITPOINT WARNING * * *
The orc hits you from afar with a +1 vorpal trident.
* * * LOW HITPOINT WARNING * * *
x2 You claw the orc warrior!
The orc warrior is moderately wounded.
The orc warrior hits you with a +0 glaive!
* * * LOW HITPOINT WARNING * * *
The orc misses you.
Okay, then.
You feel better.
The orc warrior hits you with a +0 glaive!
You die...

#.######.#.#
########........#.#
........#########.#
.######.# #.# #.#
... ####.#######
#......[....
#[##.#####..
#.###.##@#
#....ooo)#
###.....#...#
#..........#
##.....#...#
##...###.## ##.# .#
## .#


You could see an orc warrior and 2 orcs.

Vanquished Creatures
  Harold (D:7)
  Joseph (D:7)
  2 trolls (D:9)
  A hornet (D:9)
  A shadow (D:9)
  Sigmund (D:2)
  Eustachio (D:6)
  2 wyverns (D:9)
  4 water moccasins
  An acid dragon (D:9)
  4 black bears
  A necrophage (D:4)
  8 centaurs
  3 ogres
  2 kobold brigands
  2 bullfrogs (D:7)
  A water moccasin zombie (D:6)
  3 scorpions
  A wyvern skeleton (D:7)
  A water moccasin skeleton (D:5)
  4 killer bees (D:8)
  9 wights (D:8)
  A crimson imp (D:3)
  2 centaur zombies (D:9)
  A jelly (D:6)
  A bullfrog skeleton (D:4)
  A gnoll shaman (D:7)
  5 orc priests
  5 hounds
  2 iguanas (D:5)
  Crazy Yiuf (D:4)
  4 orc wizards
  A hound zombie (D:5)
  A mummy (D:8)
  Robin (D:4)
  A howler monkey zombie (D:9)
  13 gnolls
  5 adders
  A shadow imp (D:6)
  3 worms
  2 dart slugs (D:1)
  19 orcs
  7 ball pythons
  5 endoplasms
  A giant cockroach (D:1)
  14 goblins
  11 hobgoblins
  2 quokkas
  4 bats
  2 frilled lizards (D:3)
  7 kobolds
  5 rats
182 creatures vanquished.

Vanquished Creatures (others)
  An orc wizard (D:6)
  A withered plant (D:9)
2 creatures vanquished.

Grand Total: 184 creatures vanquished

Notes
Turn   | Place    | Note
-------+----------+-------------------------------------------
     0 | D:1      | soggyman666 the Troll Monk began the quest for the Orb.
     0 | D:1      | Reached XP level 1. HP: 22/22 MP: 0/0
    99 | D:1      | Reached XP level 2. HP: 29/29 MP: 1/1
   204 | D:1      | Found a faded altar of an unknown god.
   374 | D:1      | Reached XP level 3. HP: 36/36 MP: 2/2
   620 | D:2      | Reached skill level 4 in Unarmed Combat
   624 | D:2      | Reached XP level 4. HP: 14/44 MP: 3/3
   781 | D:2      | Noticed Sigmund
   798 | D:2      | Killed Sigmund
   799 | D:2      | Reached skill level 5 in Unarmed Combat
   799 | D:2      | Reached XP level 5. HP: 24/53 MP: 4/4
  1276 | D:3      | Found a burning altar of Makhleb.
  1277 | D:3      | Found a radiant altar of Vehumet.
  1322 | D:3      | Reached XP level 6. HP: 61/61 MP: 5/5
  1569 | D:3      | You fall into a shaft and drop 1 floor!
  1582 | D:4      | Reached skill level 6 in Unarmed Combat
  1584 | D:4      | Reached XP level 7. HP: 34/67 MP: 6/6
  1944 | D:3      | Identified the +9 long sword "Suigol" {vorpal, Str+3 Dex+3
                  | Stlth+}
  2186 | D:4      | Noticed Robin
  2211 | D:4      | Found a bloodstained altar of Trog.
  2227 | D:4      | Killed Robin
  2334 | D:4      | Found a shadowy altar of Dithmenos.
  2344 | D:4      | Became a worshipper of Dithmenos the Shadowed
  2344 | D:4      | Reached * piety under Dithmenos
  2344 | D:4      | Reached ** piety under Dithmenos
  2348 | D:4      | Found a staircase to the Ecumenical Temple.
  2364 | D:4      | Reached skill level 7 in Unarmed Combat
  2575 | D:4      | Found an ornate altar of the Wu Jian Council.
  2688 | D:4      | Found a runed translucent door.
  2689 | D:4      | Noticed Crazy Yiuf
  2747 | D:4      | Reached XP level 8. HP: 58/75 MP: 7/7
  2764 | D:4      | Found a sparkling altar of Nemelex Xobeh.
  2768 | D:4      | Found a sacrificial altar of Ru.
  2771 | D:4      | Found a glowing silver altar of Zin.
  2860 | D:4      | Killed Crazy Yiuf
  2882 | D:5      | Entered Level 5 of the Dungeon
  3044 | D:5      | Found an iron altar of Okawaru.
  3212 | D:5      | Reached skill level 8 in Unarmed Combat
  3291 | D:5      | Found an opulent altar of Gozag.
  3695 | D:6      | Noticed Eustachio
  3782 | D:6      | Killed Eustachio
  3783 | D:6      | Reached skill level 9 in Unarmed Combat
  3872 | D:6      | Reached XP level 9. HP: 61/83 MP: 8/8
  3965 | D:6      | Reached skill level 1 in Invocations
  4011 | D:6      | Reached skill level 5 in Dodging
  4135 | D:6      | Found Xocusoass's Weapon Shoppe.
  4502 | D:7      | Noticed Joseph
  4508 | D:7      | Killed Joseph
  4509 | D:7      | Reached skill level 10 in Unarmed Combat
  4914 | D:7      | Noticed Harold
  4934 | D:7      | Killed Harold
  4935 | D:7      | Reached skill level 1 in Evocations
  5282 | D:7      | Found Waenoff's Assorted Antiques.
  5285 | D:7      | Bought a scroll of identify for 38 gold pieces
  5285 | D:7      | Bought a dented brass amulet for 95 gold pieces
  5285 | D:7      | Bought a potion of curing for 57 gold pieces
  5285 | D:7      | Bought a scroll of identify for 38 gold pieces
  5725 | D:8      | Reached XP level 10. HP: 89/90 MP: 11/11
  6018 | D:8      | Found a snail-covered altar of Cheibriados.
  6306 | D:9      | Found a shimmering altar of Xom.
  6495 | D:9      | Reached skill level 11 in Unarmed Combat
  6559 | D:9      | Found an ancient bone altar of Kikubaaqudgha.
  6623 | D:9      | Noticed a +0 hand axe
  6623 | D:9      | Noticed a +0 dagger
  6624 | D:9      | Found a hide-covered altar of Uskayaw.
  7115 | D:9      | Reached *** piety under Dithmenos
  7280 | D:10     | Entered Level 10 of the Dungeon
  7502 | D:10     | Slain by an orc warrior

Illustrated notes

Levels and vault maps discovered:
D:1:      dpeg_arrival_stonehenge_12_columns, layout_basic,
          hellmonk_ecumenical_altar_heavens_door, st_stairs_4
D:2:      layout_basic, uniq_sigmund
D:3:      minmay_diamond_boxcup, layout_basic,
          grunt_temple_overflow_lords_of_destruction
D:4:      layout_cave_pools, mainiacjoe_overflow_brackets,
          grunt_dithmenos_smoke, minmay_overflow_temple_star_quad,
          lemuel_tele_altar, minmay_temple_entry_glass, uniq_crazy_yiuf_cottage,
          uniq_robin
D:5:      minmay_inner_zag, layout_basic, okawaru_metal_pillars_1_2,
          nicolae_gozag_seed_capital
D:6:      layout_rooms, serial_shops, nicolae_shop_bloodbath_and_beyond,
          roderic_roman_lattice, uniq_eustachio
D:7:      layout_basic, serial_shops, kennysheep_mini_moat, uniq_joseph,
          uniq_harold
D:8:      layout_cave_pools, slow_altar_2
D:9:      minmay_razor_zed, layout_long_grid, dancing_weapons_uskayaw,
          kiku_gazebo_garden_becter, tgw_xom
D:10:     layout_loops_corners, nicolae_elyvilon_temple_path,
          lemuel_coloured_pillars_altar

Skill      XL: |  1  2  3  4  5  6  7  8  9 10 |
---------------+-------------------------------+-----
Unarmed Combat | 4 5 6 7 9 10 11 | 11.5
Fighting       | 3 4 |  4.2
Dodging        | 3 4 5 6 |  6.2
Stealth        | 2 3 4 |  4.3
Invocations    | 3 |  3.4
Evocations     | 1 2 |  2.5

Action                   |  1- 3 |  4- 6 |  7- 9 | 10-12 || total
-------------------------+-------+-------+-------+-------++-------
Melee: Unarmed           |    53 |    82 |   279 |   149 ||   563
       Punch             |       |     3 |    12 |    13 ||    28
Invok: Shadow Step       |       |       |     1 |       ||     1
  Use: Scroll            |       |     3 |     8 |     6 ||    17
       Potion            |       |       |     2 |     1 ||     3
 Stab: Sleeping          |     1 |     2 |    13 |     3 ||    19
Armor: Robe              |    18 |    20 |    88 |    65 ||   191
Dodge: Dodged            |    24 |    35 |   168 |   119 ||   346

Table legend: (Time is in decaauts)
 A = Elapsed time spent in this place.
 B = Non-inter-level travel time spent in this place.
 C = Inter-level travel time spent in this place.
 D = Time resting spent in this place.
 E = Time spent auto-exploring this place.
 F = Levels seen in this place.
 G = Mean time per level.
                   A        B        C        D        E       F      G
               +--------+--------+--------+--------+--------+-----+--------+
         Total |   7419 |   6998 |    421 |    290 |   5197 |  10 |  741.9 |
       Dungeon |   7419 |   6998 |    421 |    290 |   5197 |  10 |  741.9 |
               +--------+--------+--------+--------+--------+-----+--------+

Top non-repeatable levels by time:
     D:7: 1243 daAuts
     D:9: 987 daAuts
     D:4: 819 daAuts
     D:3: 811 daAuts
     D:5: 805 daAuts
     D:2: 737 daAuts
     D:6: 708 daAuts
     D:8: 601 daAuts
     D:1: 490 daAuts
    D:10: 215 daAuts
